 Dungeon Crawl Stone Soup version 0.28.0 (webtiles) character file.

Game seed: 18227010652124578002

135 freelancePsychic the Ducker (level 5, -1/37 HPs)
             Began as a Merfolk Fire Elementalist on Feb 7, 2022.
             Slain by a ball python (2 damage)
             ... on level 3 of the Dungeon.
             The game lasted 00:05:25 (2888 turns).

freelancePsychic the Ducker (MfFE)                  Turns: 2888, Time: 00:05:26

Health: -1/37      AC:  2    Str:  8    XL:     5   Next: 18%
Magic:  0/9        EV: 13    Int: 17    God:
Gold:   142        SH:  0    Dex: 14    Spells: 7/10 levels left

rFire   . . .      SeeInvis .   i - +2 dagger (drain)
rCold   . . .      Faith    .   b - orb {mayhem}
rNeg    . . .      Spirit   .   a - +0 robe
rPois   .          Reflect  .   (no helmet)
rElec   .          Harm     .   (no cloak)
rCorr   .          Rampage  .   (no gloves)
Will    .....                   (no boots)
Stlth   ++........              (no amulet)
HPRegen 0.12/turn               (no ring)
MPRegen 0.11/turn               (no ring)

@: very slightly contaminated
A: (nimble swimmer 2), mertail
a: no special abilities


You were on level 3 of the Dungeon.
You visited 1 branch of the dungeon, and saw 3 of its levels.

You collected 142 gold pieces.

Inventory:

Hand Weapons
 e - a +2 dagger of flaming
 i - a +2 dagger of draining (weapon)
Missiles
 c - 6 curare-tipped darts
Armour
 a - a +0 robe (worn)
 b - an orb of mayhem (worn)
Wands
 q - a wand of flame (29)
Scrolls
 d - 2 scrolls of teleportation {unknown}
 f - a scroll of magic mapping {unknown}
 h - 2 scrolls of noise {unknown}
 j - 2 scrolls of identify {unknown}
 o - a scroll of vulnerability {unknown}
 p - a scroll of enchant armour {unknown}
 r - a scroll of blinking {unknown}
Potions
 g - a potion of resistance {unknown}
 k - a potion of curing {unknown}
 l - a potion of might {unknown}
 m - a potion of magic {unknown}
 n - a potion of brilliance {unknown}


   Skills:
 + Level 1.3 Fighting
 * Level 2.6 Short Blades
 + Level 3.4 Dodging
 - Level 2.2 Stealth
 - Level 3.0 Spellcasting
 - Level 1.9 Conjurations
 - Level 2.1 Fire Magic


You had 7 spell levels left.
You knew the following spells:

 Your Spells              Type           Power      Damage    Failure   Level
a - Foxfire               Conj/Fire      36%        2x1d5     8%          1
b - Scorch                Fire           18%        2d6       11%         2

Your spell library contained the following spells:

 Spells                   Type           Power      Damage    Failure   Level
 Conjure Flame            Conj/Fire      9%         6-21      22%         3
 Inner Flame              Hex/Fire       6%         N/A       32%         3
 Flame Wave               Conj/Fire      9%         2d5       58%         4
 Passage of Golubria      Tloc           2%         N/A       86%         4
 Silence                  Hex/Air        1%         N/A       99%         5
 Lehudib's Crystal Spear  Conj/Erth      2%         10d2      100%        8


Dungeon Overview and Level Annotations

Branches:
Dungeon (3/15)

Altars:

Shops:
D:1 (*(=

Annotations:
D:2 Natasha
D:3 Sigmund


Innate Abilities, Weirdness & Mutations

((You are very nimble when in or above water. (Stealth+, EV+, Speed+++)))
Your lower body shifts to a powerful aquatic tail in water.


Message History

The gnoll throws a stone.
The stone closely misses you.
The gnoll shouts!
Casting: Scorch (safe; 11% risk of failure)
Confirm with . or Enter, or press ? or * to list all spells.
You conjure some foxfire!
Casting: Foxfire (safe; 8% risk of failure)
Confirm with . or Enter, or press ? or * to list all spells.
You conjure some foxfire!
The foxfire hits the gnoll.
The gnoll is moderately wounded.
The foxfire hits the gnoll.
The gnoll is severely wounded.
The gnoll barely misses you.
You barely miss the gnoll.
The gnoll is severely wounded.
The foxfire hits the gnoll.
The gnoll is almost dead.
The foxfire hits the gnoll.
You kill the gnoll!
The gnoll flies into a frenzy!
The gnoll hits you with a +0 whip!
A ball python comes into view.
Casting: Foxfire (safe; 8% risk of failure)
Confirm with . or Enter, or press ? or * to list all spells.
Flames lash the gnoll but do no damage.
The gnoll hits you with a +0 whip!
Casting: Scorch (safe; 11% risk of failure)
Confirm with . or Enter, or press ? or * to list all spells.
Flames lash the gnoll.
The gnoll is almost dead.
The gnoll's fire resistance burns away.
The gnoll barely misses you. The gnoll hits you with a +0 whip!
* * * LOW HITPOINT WARNING * * *
Casting: Scorch (safe; 11% risk of failure)
Confirm with . or Enter, or press ? or * to list all spells.
Flames lash the gnoll.
The gnoll is burned terribly!
You kill the gnoll!
Casting: Scorch (safe; 11% risk of failure)
Confirm with . or Enter, or press ? or * to list all spells.
You miscast Foxfire.
You are very lightly contaminated with residual magic.
Nothing appears to happen.
The ball python bites you.
You die...

##... #.... ### ##...###..
#........ ......# #....# # #.)S.#
# #.@..# .# # #.#..# .# # #.#..#
.# ### ##### #.##.# ##.# ..#
#...# #..#.. #..# #>#####...#
####.##.. ##.#
..........###.....###. ###..###
#.##..........###...######......#
..##..........# #..........#.##.#


You could see a ball python.

Vanquished Creatures
  Natasha (D:2)
  3 adders
  2 gnolls (D:3)
  A worm (D:2)
  5 dart slugs
  5 orcs (D:3)
  6 bats
  5 endoplasms
  A giant cockroach (D:1)
  A goblin (D:3)
  2 hobgoblins
  4 kobolds
  A quokka (D:2)
  4 ball pythons
  4 frilled lizards (D:1)
  3 rats
48 creatures vanquished.

Vanquished Creatures (others)
  29 foxfires
  2 plants (D:1)
31 creatures vanquished.

Grand Total: 79 creatures vanquished

Notes
Turn   | Place    | Note
-------+----------+-------------------------------------------
     0 | D:1      | freelancePsychic the Merfolk Fire Elementalist began the
                  | quest for the Orb.
     0 | D:1      | Reached XP level 1. HP: 13/13 MP: 3/3
    13 | D:1      | Found Kominicu's Antique Weapon Shop.
    66 | D:1      | Reached skill level 1 in Conjurations
   396 | D:1      | Reached XP level 2. HP: 19/19 MP: 1/5
   399 | D:1      | Learned a level 2 spell: Scorch
   530 | D:1      | Found Comoeth's Weapon Shoppe.
   690 | D:1      | Found Fucsek's Jewellery Shop.
   942 | D:1      | Found Qoaq Uge's Assorted Antiques.
  1195 | D:2      | Reached XP level 3. HP: 24/24 MP: 6/6
  1301 | D:2      | Found a faded altar of an unknown god.
  1666 | D:2      | Noticed Natasha
  1670 | D:2      | Killed Natasha
  1671 | D:2      | Reached skill level 1 in Short Blades
  1671 | D:2      | Reached XP level 4. HP: 31/31 MP: 3/8
  1833 | D:2      | Noticed Natasha
  2455 | D:3      | Reached skill level 1 in Fighting
  2735 | D:3      | Reached XP level 5. HP: 37/37 MP: 6/9
  2811 | D:3      | Noticed Sigmund
  2886 | D:3      | HP: 1/37 [gnoll (11)]
  2888 | D:3      | Slain by a ball python

Illustrated notes

Levels and vault maps discovered:
D:1:      ncdulo_lavacross, layout_loops_ring, serial_shops,
          nicolae_shop_overgrown_old_shop, nicolae_shop_crystal, shop, shop,
          minmay_misc_feat_iff, minmay_indecisive_spiral
D:2:      minmay_evil_eye, layout_rooms,
          shapermc_ecumenical_altar_starsandcircs, uniq_natasha
D:3:      layout_loops_ring, palyth_stone_intersect,
          minmay_randomly_rotated_circles, uniq_sigmund

Skill      XL: |  1  2  3  4 |
---------------+-------------+-----
Conjurations   | 1 |  1.9
Spellcasting   | 3 |  3.0
Short Blades   | 1 2 |  2.6
Dodging        | 3 |  3.4
Fighting       | 1 |  1.3
Stealth        | |  2.2
Fire Magic     | |  2.1

Action                   |  1- 3 |  4- 6 || total
-------------------------+-------+-------++-------
Melee: Unarmed           |    18 |       ||    18
       Dagger            |    33 |    25 ||    58
 Cast: Foxfire           |    17 |     2 ||    19
       Scorch            |     9 |    14 ||    23
 Stab: Sleeping          |     2 |     5 ||     7
       Distracted        |     1 |       ||     1
Armor: Robe              |    10 |     5 ||    15
Dodge: Dodged            |    36 |    12 ||    48
